 Dungeon Crawl Stone Soup version 0.18-a0-1171-ga8e22e7 (webtiles) character file.

483 Scytalen the Firebug (level 6, -3/32 HPs)
             Began as a Deep Elf Fire Elementalist on Jan 26, 2016.
             Killed from afar by Crazy Yiuf (6 damage)
             ... with a wand of flame
             ... on level 3 of the Dungeon.
             The game lasted 00:12:11 (3658 turns).

Scytalen the Firebug (Deep Elf Fire Elementalist)   Turns: 3658, Time: 00:12:11

Health: -3/32      AC:  3    Str:  5    XL:     6   Next: 87%
Magic:  4/12       EV: 13    Int: 22    God:
Gold:   72         SH:  0    Dex: 15    Spells: 2 memorised, 7 levels left

rFire  . . .     SeeInvis .     (no weapon)
rCold  . . .     Gourm    .     a - +0 robe
rNeg   . . .     Faith    .     (no shield)
rPois  .         Spirit   .     (no helmet)
rElec  .         Dismiss  +     (no cloak)
rCorr  .         Reflect  .     (no gloves)
SustAt +         Harm     .     f - +0 pair of boots
MR     .....                    o - amulet of dismissal
Stlth  +.........               (no ring)
                                e - ring of sustain attributes

@: confused, very slightly contaminated, not resistant to hostile enchantments,
very unstealthy
A: no striking features
a: no special abilities


You were on level 3 of the Dungeon.
You were hungry.

You visited 1 branch of the dungeon, and saw 3 of its levels.

You collected 72 gold pieces.

Inventory:

Missiles
 d - 80 stones (quivered)
 g - 24 sling bullets
 p - 2 tomahawks
Armour
 a - a +0 robe (worn)
 f - a +0 pair of boots (worn)
Jewellery
 e - a ring of sustain attributes (left hand)
 o - an amulet of dismissal (around neck)
Scrolls
 h - a scroll of noise {unknown}
 i - 3 scrolls of identify {unknown}
 j - a scroll of fog {unknown}
 m - a scroll of remove curse {unknown}
Books
 b - a book of Flames

   Spells                             Type                      Level
   a - Flame Tongue                   Conjuration/Fire             1
   b - Throw Flame                    Conjuration/Fire             2
   c - Conjure Flame                  Conjuration/Fire             3
   d - Inner Flame                    Hexes/Fire                   3
   e - Sticky Flame                   Conjuration/Fire             4
   f - Fireball                       Conjuration/Fire             5
Comestibles
 c - a bread ration
 l - 15 fruits
 n - 3 chunks of flesh


   Skills:
 - Level 2.4 Dodging
 - Level 2.4 Stealth
 - Level 3.0 Spellcasting
 + Level 5.3 Conjurations
 + Level 6.7 Fire Magic


You had 7 spell levels left.
You knew the following spells:

 Your Spells              Type           Power        Failure   Level  Hunger
a - Flame Tongue          Conj/Fire      ####.        1%          1    None
b - Conjure Flame         Conj/Fire      ####....     3%          3    ###....


Dungeon Overview and Level Annotations

Branches:
Dungeon (3/15)

Altars:
Fedhas
The Shining One

Annotations:
D:3 Crazy Yiuf, Grinder


Message History

Crazy Yiuf the Enlightened comes into view.
He is wielding a quarterstaff of chaos.
You're too confused to move!
Crazy Yiuf shouts!
You hear some strange, mumbled words.
A puff of flame appears from out of thin air!
The puff of flame hits you!
* * * LOW HITPOINT WARNING * * *
You take 8 damage, and have 3/32 hp.
MASSIVE DAMAGE!!
You're too confused to move!
Crazy Yiuf zaps a wand.
The puff of flame hits something.
Reactivating autopickup.
Your Conjurations skill increases to level 5!
You feel a bit more experienced.
It is a wand of flame.
Crazy Yiuf zaps a wand.
The puff of flame misses you.
You bump into the rock wall.
Crazy Yiuf zaps a wand.
The puff of flame hits you!
You die...

........#######.........##.......
..####### #.........##....).. ##
#######............ #............
♣♣♣### #####...........) ♣..#.##
#................ ♣.♣.g..##
#................
♣PP....####........########
♣♣P#...)..@........# ♣
########........########
#........#.......
#........#.......
#........#.......
#........#.......
#........#.......
#........#.......
#........########


You could see Crazy Yiuf.

Vanquished Creatures
  The ghost of Feta the Covered, an amateur MiFi of Okawaru (D:3)
  3 orc priests (D:3)
  Ijyb (D:2)
  3 adders
  An ooze (D:1)
  4 worms
  6 giant geckos
  4 orcs (D:3)
  2 ball pythons
  3 giant cockroaches (D:1)
  7 hobgoblins
  2 jackals (D:1)
  4 quokkas
  4 bats
  5 giant newts
  8 goblins
  15 kobolds
  7 rats
80 creatures vanquished.

Vanquished Creatures (others)
  Sigmund (D:3)
  2 fungi (D:3)
3 creatures vanquished.

Grand Total: 83 creatures vanquished

Notes
Turn   | Place    | Note
--------------------------------------------------------------
     0 | D:1      | Scytalen the Deep Elf Fire Elementalist began the quest for the Orb.
     0 | D:1      | Reached XP level 1. HP: 10/10 MP: 6/6
   268 | D:1      | Reached XP level 2. HP: 15/15 MP: 6/8
   656 | D:1      | Reached skill level 4 in Fire Magic
   775 | D:1      | Reached XP level 3. HP: 19/19 MP: 6/9
  1273 | D:1      | Learned a level 3 spell: Conjure Flame
  1517 | D:2      | Noticed Ijyb
  1555 | D:2      | Killed Ijyb
  1555 | D:2      | Reached XP level 4. HP: 24/24 MP: 0/10
  1691 | D:2      | Found a blossoming altar of Fedhas.
  1955 | D:2      | Found a glowing golden altar of the Shining One.
  2267 | D:2      | Reached skill level 5 in Fire Magic
  2847 | D:3      | Reached XP level 5. HP: 28/28 MP: 5/11
  2951 | D:3      | Noticed Feta's ghost (amateur MiFi)
  2977 | D:3      | Noticed Grinder
  3155 | D:3      | Killed Feta's ghost
  3443 | D:3      | Reached skill level 6 in Fire Magic
  3443 | D:3      | Reached XP level 6. HP: 32/32 MP: 9/12
  3621 | D:3      | Noticed Sigmund
  3655 | D:3      | Noticed Crazy Yiuf
  3656 | D:3      | Killed Sigmund
  3656 | D:3      | Reached skill level 5 in Conjurations
  3658 | D:3      | Killed from afar by Crazy Yiuf

Vault maps used:
D:1:      ncdulo_halloftheorcs
D:2:      lemuel_crystal_altar, fedhas_altar_fruit_tree, uniq_iyjb
D:3:      uniq_crazy_yiuf_cottage, uniq_grinder, uniq_sigmund

Action                   |  1- 3 |  4- 6 || total
-------------------------+-------+-------++-------
Throw: Stone             |    74 |    35 ||   109
 Cast: Flame Tongue      |    67 |    82 ||   149
       Conjure Flame     |     2 |     2 ||     4
  Use: Potion            |       |     1 ||     1
  Eat: Chunk             |     2 |     6 ||     8
